 Dungeon Crawl Stone Soup version 0.30-a0-534-gdc55766716 (webtiles) character file.

Game seed: 4467349449697481722

3474 Newt the Skirmisher (level 10, -7/64 HPs)
             Began as a Kobold Hunter on Dec 24, 2022.
             Was a Follower of Okawaru.
             Mangled by a hornet (11 damage)
             ... on level 6 of the Dungeon.
             The game lasted 00:10:52 (8253 turns).

Newt the Skirmisher (Kobold Hunter)                 Turns: 8253, Time: 00:10:52

Health: -7/64      AC:  4    Str: 11    XL:     10   Next: 27%
Magic:  10/10      EV: 20    Int: 11    God:    Okawaru [*.....]
Gold:   158        SH:  0    Dex: 20    Spells: 9/9 levels left

rFire   . . .      SeeInvis +    a - +2 shortbow (flame)
rCold   . . .      Faith    .    (shield currently unavailable)
rNeg    . . .      Spirit   .    c - +0 leather armour
rPois   .          Reflect  .    (helmet restricted)
rElec   .          Harm     .    (no cloak)
rCorr   .          Rampage  .    (no gloves)
Will    .....                    s - +0 pair of boots
Stlth   ++++                     (no amulet)
HPRegen 0.30/turn                w - ring of see invisible
MPRegen 0.12/turn                (no ring)

@: lethally poisoned (-7 -> -15), slowed, very slow
A: small, no large weapons, nightstalker 3, horns 1, sturdy frame 1
a: Renounce Religion, Heroism


You were on level 6 of the Dungeon.
You worshipped Okawaru.
Okawaru was aware of your devotion.
You visited 2 branches of the dungeon, and saw 8 of its levels.

You collected 270 gold pieces.
You spent 112 gold pieces at shops.

Inventory:

Hand Weapons
 a - a +2 shortbow of flaming (weapon)
Missiles
 u - 3 curare-tipped darts
Armour
 c - a +0 leather armour (worn)
 s - a +0 pair of boots (worn)
 x - the +0 ring mail "Owkeoteu" {rF++ Str+2 Dex-4 Stlth-}
   (You found it on level 6 of the Dungeon)

   Str:       It affects your strength (+2).
   Dex:       It affects your dexterity (-4).
   rF:        It greatly protects you from fire.
   Stlth:     It makes you less stealthy.
Jewellery
 w - a ring of see invisible (left hand)
Scrolls
 b - 3 scrolls of immolation
 h - 2 scrolls of teleportation
 i - a scroll of amnesia
 j - a scroll of identify
 q - 2 scrolls of poison
 v - a scroll of silence
Potions
 d - 2 potions of attraction {unknown}
 e - 2 potions of ambrosia
 f - a potion of resistance
 k - a potion of lignification {unknown}
 l - 2 potions of curing
 m - a potion of brilliance
 n - a potion of cancellation
 o - a potion of degeneration
 p - 3 potions of might
 r - 3 potions of magic


   Skills:
 - Level 8.0 Fighting
 - Level 10.0 Ranged Weapons
 - Level 4.0 Armour
 + Level 8.4 Dodging
 - Level 6.0 Stealth
 - Level 5.0 Evocations


You had 9 spell levels left.
You didn't know any spells.
Your spell library contained the following spells:

 Spells                   Type           Power      Damage    Failure   Level
 Sandblast                Erth           0%         2d4       36%         1
 Passwall                 Tmut/Erth      0%         N/A       50%         2
 Sublimation of Blood     Necr           0%         N/A       50%         2
 Wereblood                Tmut           0%         N/A       50%         2
 Ozocubu's Armour         Ice            0%         N/A       73%         3
 Stone Arrow              Conj/Erth      0%         3d7       73%         3
 Ozocubu's Refrigeration  Ice            0%         4d7       100%        7
 Summon Hydra             Summ           Unusable   N/A       N/A         7

Dungeon Overview and Level Annotations

Branches:
Dungeon (7/15)             Temple (1/1) D:6

Altars:
Ashenzari
Cheibriados
Dithmenos
Elyvilon
Fedhas
Gozag
Hepliaklqana
Kikubaaqudgha
Nemelex Xobeh
Okawaru
Qazlal
Ru
Sif Muna
Trog
Uskayaw
Vehumet
Wu Jian
Xom
Zin
The Shining One

Shops:
D:1 (   D:5 (*[

Annotations:
D:4 Dowan, Duvessa
D:7 Pikel


Innate Abilities, Weirdness & Mutations

You are small and have problems with some larger weapons.
You are completely attuned to the shadows.
You have a pair of small horns on your head.
Your movements are slightly less encumbered by armour. (ER -2)


Message History

Fire: a) +2 shortbow (flame)
Press: ? - help, Shift-Dir - straight line, f - hornet
Aim: a hornet (62% to hit)
You shoot an arrow. The arrow hits the hornet.
The arrow burns the hornet.
The hornet is lightly wounded.
You feel sick. The hornet stings you!
You suddenly lose the ability to move!
The hornet stings you!
* * * LOW HITPOINT WARNING * * *
You feel as though you will be slow longer.
You can move again.
You feel much better.
You feel sick. The hornet completely misses you. The hornet closely misses you.
The hornet stings you.
You feel as though you will be slow longer.
Fire: a) +2 shortbow (flame)
Press: ? - help, Shift-Dir - straight line, f/p - hornet
Aim: a hornet (lightly wounded, 62% to hit)
You shoot an arrow.
The arrow hits the hornet but does no damage.
The hornet is lightly wounded.
You feel sick.
You are no longer poisoned.
The hornet completely misses you. The hornet stings you.
You suddenly lose the ability to move!
The hornet stings you but does no damage.
The hornet stings you.
You are poisoned.
You feel as though you will be slow longer.
The hornet stings you!
* * * LOW HITPOINT WARNING * * *
You shrug off the repeated paralysis!
You can move again.
Okay, then.
As you read the scroll labelled IJAOSY GESUNI, it crumbles to dust.
Your body is wracked with pain!
* * * LOW HITPOINT WARNING * * *
The hornet convulses!
It was a scroll of torment.
* * * LOW HITPOINT WARNING * * *
You feel very sick. The hornet barely misses you. The hornet stings you!
You die...

######...#........##..##.........
....##...#........###'##.........
.........#........#..............
.........#.)....).#...##....##...
#...##...#>.......#...########...
#........#........#..............
.........'........##..##....##...
...###...#......).##..##....##...
...#.....#......@.#...##....##...
##.#.....#.....[.y#...##....##...
.........#........#..(......#####
..###....#........#.........##...
..#......#........#......#######.
#.#......#........#......#.....#.
.........#........#...####.#.#.#.
.###....#######...#...##.#.._..'.
.#...#..##...##...+...#..#.#.#.#.


You could see a hornet.

Vanquished Creatures
  Maggie (D:6)
  Prince Ribbit (D:6)
  Sigmund (D:3)
  Menkaure (D:5)
  A water moccasin (D:5)
  An orc warrior (D:6)
  An ice beast (D:6)
  A black bear (D:6)
  2 centaurs (D:5)
  5 ogres
  2 phantoms (D:6)
  A lemure (D:6)
  2 bullfrogs
  A gnoll sergeant (D:7)
  3 necrophages
  A scorpion (D:5)
  A water moccasin zombie (D:5)
  8 wights
  2 bullfrog zombies (D:5)
  A centaur zombie (D:5)
  4 hounds
  2 jellies (D:5)
  A human zombie (D:5)
  Natasha (twice) (D:4)
  2 iguanas
  A scorpion zombie (D:5)
  3 mummies (D:5)
  A howler monkey zombie (D:5)
  7 adders
  8 gnolls
  3 white imps
  2 ufetubi (D:5)
  A worm (D:2)
  2 dart slugs (D:5)
  6 orcs
  4 ball pythons
  4 endoplasms
  3 giant cockroaches (D:1)
  7 goblins
  5 hobgoblins
  2 jackals (D:1)
  2 quokkas
  6 bats
  12 kobolds
  6 rats
  A spectral hobgoblin (D:6)
134 creatures vanquished.

Vanquished Creatures (others)
  2 bushes (D:6)
2 creatures vanquished.

Grand Total: 136 creatures vanquished

Notes
Turn   | Place    | Note
-------+----------+-------------------------------------------
     0 | D:1      | Newt the Kobold Hunter began the quest for the Orb.
     0 | D:1      | Reached XP level 1. HP: 12/12 MP: 1/1
   167 | D:1      | Reached XP level 2. HP: 17/17 MP: 2/2
   189 | D:1      | Reached skill level 6 in Ranged Weapons
   304 | D:1      | Reached XP level 3. HP: 21/21 MP: 3/3
   329 | D:1      | Found Jemer's Antique Weapon Boutique.
   859 | D:2      | Reached skill level 7 in Ranged Weapons
   941 | D:2      | Found a glowing silver altar of Zin.
  1072 | D:2      | Reached XP level 4. HP: 16/26 MP: 4/4
  2215 | D:3      | Noticed Sigmund
  2300 | D:3      | Killed Sigmund
  2301 | D:3      | Reached skill level 8 in Ranged Weapons
  2301 | D:3      | Reached skill level 5 in Dodging
  2301 | D:3      | Reached XP level 5. HP: 26/30 MP: 5/5
  2301 | D:3      | Reached XP level 6. HP: 30/35 MP: 6/6
  2644 | D:4      | Noticed Natasha
  2648 | D:4      | Killed Natasha
  2975 | D:4      | Noticed Natasha
  2979 | D:4      | Killed Natasha
  3014 | D:4      | Noticed Duvessa
  3016 | D:4      | Noticed Dowan
  3025 | D:5      | Entered Level 5 of the Dungeon
  3025 | D:5      | Found Hich's Weapon Shoppe.
  3152 | D:5      | Reached XP level 7. HP: 37/41 MP: 7/7
  3281 | D:5      | Noticed Menkaure
  3289 | D:5      | Killed Menkaure
  3290 | D:5      | Reached skill level 5 in Fighting
  3296 | D:5      | Reached skill level 1 in Armour
  3497 | D:5      | Found Kiofip's General Store.
  3500 | D:5      | Bought a scroll of poison for 56 gold pieces
  3500 | D:5      | Bought 2 scrolls of identify for 56 gold pieces
  3559 | D:5      | Gained mutation: You are frail. (-10% HP) [potion of
                  | mutation]
  3559 | D:5      | Gained mutation: You are partially covered in iridescent
                  | scales. (AC +2) [potion of mutation]
  3559 | D:5      | Gained mutation: You have a pair of small antennae on your
                  | head. [potion of mutation]
  3561 | D:5      | Lost mutation: You are frail. (-10% HP) [potion of
                  | mutation]
  3561 | D:5      | Lost mutation: You have a pair of small antennae on your
                  | head. [potion of mutation]
  3561 | D:5      | Lost mutation: You are partially covered in iridescent
                  | scales. (AC +2) [potion of mutation]
  3561 | D:5      | Gained mutation: You are agile. (Dex +4, Str/Int -1)
                  | [potion of mutation]
  3561 | D:5      | Gained mutation: You occasionally lose the ability to drink
                  | potions when taking damage. [potion of mutation]
  3562 | D:5      | Lost mutation: You occasionally lose the ability to drink
                  | potions when taking damage. [potion of mutation]
  3562 | D:5      | Lost mutation: You are agile. (Dex +4, Str/Int -1) [potion
                  | of mutation]
  3562 | D:5      | Gained mutation: Your movements are slightly less
                  | encumbered by armour. (ER -2) [potion of mutation]
  3562 | D:5      | Gained mutation: You have a pair of small horns on your
                  | head. [potion of mutation]
  3583 | D:5      | Found Vogh's Armour Emporium.
  3600 | D:5      | Reached XP level 8. HP: 24/49 MP: 8/8
  4094 | D:5      | Reached skill level 1 in Evocations
  4999 | D:5      | Reached skill level 5 in Evocations
  5047 | D:5      | Reached XP level 9. HP: 49/54 MP: 9/9
  5090 | D:5      | Found an ancient bone altar of Kikubaaqudgha.
  5185 | D:5      | Reached skill level 9 in Ranged Weapons
  5474 | D:6      | Noticed Prince Ribbit
  5486 | D:6      | Killed Prince Ribbit
  5487 | D:6      | Reached skill level 10 in Ranged Weapons
  5539 | D:6      | Noticed Maggie
  5556 | D:6      | Killed Maggie
  5840 | D:6      | Found a staircase to the Ecumenical Temple.
  5847 | Temple   | Entered the Ecumenical Temple
  6070 | Temple   | Became a worshipper of Warmaster Okawaru
  7056 | D:6      | Reached XP level 10. HP: 63/63 MP: 10/10
  7120 | D:6      | Found a shadowy altar of Dithmenos.
  7184 | D:6      | Identified the +0 ring mail "Owkeoteu" {rF++ Str+2 Dex-4
                  | Stlth-}
  7277 | D:6      | Found a hazy altar of Hepliaklqana.
  7390 | D:7      | Reached * piety under Okawaru
  8082 | D:7      | Noticed Pikel
  8248 | D:6      | Paralysed by a hornet for 1 turns
  8250 | D:6      | Paralysed by a hornet for 3 turns
  8253 | D:6      | Mangled by a hornet

Illustrated notes

Levels and vault maps discovered:
D:1:      dpeg_cavernosity, layout_basic, serial_shops, shop
D:2:      layout_loops_corners, basic_altar, guppyfry_early_lair_pool
D:3:      layout_rooms, minmay_fountain_box, uniq_sigmund
D:4:      layout_basic, kennysheep_generic_room_7, uniq_natasha, uniq_duvessa
D:5:      layout_loops_cross, lemuel_mausoleum_altar_kikubaaqudgha,
          serial_shops, nicolae_shop_advertising_works
          [nicolae_subvault_shop_adworks], nicolae_shop_behind_doors,
          nicolae_shop_hallway_stairs, uniq_menkaure
D:6:      layout_gridville, kennysheep_little_box,
          nicolae_hepliaklqana_monster_ancestors, minmay_temple_entry_offerings,
          minmay_hedge_maze, hangedman_decor_points, uniq_maggie,
          uniq_prince_ribbit1
D:7:      layout_rooms, gammafunk_ghost_necromancy,
          chequers_serial_rivers_micro_e, eino_tiny_chamber,
          minmay_misc_feat_pillars, uniq_pikel
Temple:   minmay_crystal_spiral_temple

Skill      XL: |  1  2  3  4  5  6  7  8  9 10 |
---------------+-------------------------------+-----
Ranged Weapons | 6 7 8 10 | 10.0
Dodging        | 5 6 8 |  8.4
Fighting       | 3 5 7 8 |  8.0
Armour         | 2 4 |  4.0
Evocations     | 5 |  5.0
Stealth        | 6 |  6.0

Action                   |  1- 3 |  4- 6 |  7- 9 | 10-12 || total
-------------------------+-------+-------+-------+-------++-------
 Fire: Shortbow          |    87 |    94 |   274 |   104 ||   559
Evoke: Wand              |       |       |    10 |     1 ||    11
  Use: Scroll            |     3 |     4 |     9 |     1 ||    17
       Potion            |       |     2 |     6 |     1 ||     9
Armor: Leather armour    |     9 |     9 |    25 |     6 ||    49
Dodge: Dodged            |    46 |    66 |   185 |    76 ||   373

Table legend: (Time is in decaauts)
 A = Elapsed time spent in this place.
 B = Non-inter-level travel time spent in this place.
 C = Inter-level travel time spent in this place.
 D = Time resting spent in this place.
 E = Time spent auto-exploring this place.
 F = Levels seen in this place.
 G = Mean time per level.
                   A        B        C        D        E       F      G
               +--------+--------+--------+--------+--------+-----+--------+
         Total |   8324 |   8029 |    295 |   2219 |   4771 |   8 | 1040.5 |
       Dungeon |   8015 |   7855 |    160 |   2219 |   4616 |   7 | 1145.0 |
        Temple |    308 |    173 |    135 |      0 |    155 |   1 |  308.0 |
               +--------+--------+--------+--------+--------+-----+--------+

Top non-repeatable levels by time:
     D:5: 2381 daAuts
     D:6: 2265 daAuts
     D:2: 1083 daAuts
     D:1: 872 daAuts
     D:3: 667 daAuts
     D:4: 439 daAuts
  Temple: 308 daAuts
     D:7: 307 daAuts
